 Dungeon Crawl Stone Soup version 0.29-a0-369-gd956c00756 (webtiles) character file.

Game seed: 4618930253247106179

185 sammy202020 the Skirmisher (level 5, 33/42 HPs)
             Began as a Demonspawn Berserker on May 2, 2022.
             Was a Priest of Trog.
             Quit the game in a sewer.
             The game lasted 00:04:24 (1421 turns).

sammy202020 the Skirmisher (Demonspawn Berserker)   Turns: 1421, Time: 00:04:24

Health: 33/42      AC:  7    Str: 17    XL:     5   Next: 37%
Magic:  5/5        EV: 11    Int: 10    God:    Trog [***...]
Gold:   109        SH:  3    Dex: 13    Spells: 4/4 levels left

rFire   . . .      SeeInvis .   a - +0 hand axe (vorpal)
rCold   . . .      Faith    .   d - +0 buckler
rNeg    . . .      Spirit   .   g - +0 leather armour
rPois   .          Reflect  .   (no helmet)
rElec   .          Harm     .   (no cloak)
rCorr   .          Rampage  .   e - +0 pair of gloves
Will    .....                   (no boots)
Stlth   +.........              (no amulet)
HPRegen 0.14/turn               (no ring)
MPRegen 0.09/turn               (no ring)

@: no status effects
A: claws 1, thin metallic scales 2
a: Renounce Religion, Berserk, Trog's Hand


You were in a sewer.
You worshipped Trog.
Trog was most pleased with you.
You visited 1 branch of the dungeon, and saw 3 of its levels.
You also visited: Sewer.

You collected 109 gold pieces.

Inventory:

Hand Weapons
 a - a +0 vorpal hand axe (weapon)
 h - a +0 hunting sling
Armour
 d - a +0 buckler (worn)
 e - a +0 pair of gloves (worn)
 g - a +0 leather armour (worn)
Potions
 b - a potion of mutation {unknown}
 c - a potion of might {unknown}
 f - a potion of brilliance


   Skills:
 * Level 4.3 Fighting
 * Level 3.9 Axes
 + Level 2.5 Armour
 + Level 2.7 Dodging


You had 4 spell levels left.
You didn't know any spells.
Your spell library was empty.

Dungeon Overview and Level Annotations

Branches:
Dungeon (2/15)              Sewer (1/1)

Altars:
Qazlal


Innate Abilities, Weirdness & Mutations

You have sharp fingernails.
You are mostly covered in thin metallic scales. (AC +3)


Message History

The bullfrog croaks.
A frilled lizard comes into view.
The bullfrog completely misses you.
You hit the bullfrog.
The bullfrog is moderately wounded.
You miss the adder.
A bullfrog comes into view.
The adder closely misses you. The bullfrog closely misses you.
The adder barely misses you. The bullfrog hits you.
You slash the bullfrog!
The bullfrog is severely wounded.
You miss the adder.
The bullfrog hits you but does no damage.
The adder closely misses you.
You hit the adder.
The adder is moderately wounded.
You hit the bullfrog. The bullfrog barely misses you.
The adder bites you but does no damage. The bullfrog barely misses you.
The adder bites you.
You barely miss the adder.
The adder is moderately wounded.
You closely miss the bullfrog.
The bullfrog hits you but does no damage.
The adder misses you. You block the bullfrog's attack.
You hit the adder but do no damage.
The adder is moderately wounded.
You closely miss the frilled lizard. You hit the bullfrog.
You kill the bullfrog!
Trog accepts your kill. The adder bites you but does no damage.
The frilled lizard bites you but does no damage.
The bullfrog hits you but does no damage.
The adder bites you but does no damage.
You have reached level 5!
Your demonic ancestry asserts itself...
Your fingernails lengthen.
Okay, then.
Are you sure you want to abandon this character and quit the game? (Confirm with "yes".)
Okay, then.
Are you sure you want to abandon this character and quit the game? (Confirm with "yes".)

#..≈≈≈≈≈≈≈≈.≈≈....≈≈≈≈≈≈....
##≈≈≈##≈≈≈≈≈################
#≈≈≈##≈≈≈≈.# # #≈≈≈##≈≈≈≈.#
# #.†≈##.≈≈≈.# ###### #
#.≈.##.≈≈≈.###≈≈≈≈≈# #
#≈≈≈##.≈≈≈.#≈≈≈≈≈≈≈≈ #
#.≈.##.≈≈≈.#≈≈≈≈≈≈≈≈ #
##≈###.≈≈≈@F≈≈≈≈≈≈≈≈ # #.#
#.≈≈≈lS≈≈≈≈≈≈≈≈ # #.#
#.≈≈≈.l≈≈≈≈≈≈≈≈ # #∩#
#.≈≈≈.≈≈≈≈≈.≈≈≈ # #.#
#.≈≈≈≈≈≈≈≈.?..≈ # #∩#
#.≈≈≈≈≈≈≈B??!.≈ # #.#
#.≈≈≈≈≈≈≈≈≈[:≈≈ # ###
#.≈≈≈≈≈≈≈.≈.≈≈≈ #
#.≈≈≈≈≈≈≈.≈...≈ #


You could see a bullfrog, an adder, a giant cockroach and 2 frilled lizards.

Vanquished Creatures
  A bullfrog (Sewer)
  Jessica (D:2)
  3 adders
  A worm (D:2)
  4 endoplasms
  7 giant cockroaches
  4 hobgoblins (D:1)
  2 jackals (D:2)
  3 kobolds
  7 quokkas
  8 ball pythons
  5 bats
  9 frilled lizards
  5 goblins
  6 rats
66 creatures vanquished.

Notes
Turn   | Place    | Note
-------+----------+-------------------------------------------
     0 | D:1      | sammy202020 the Demonspawn Berserker began the quest for
                  | the Orb.
     0 | D:1      | Reached XP level 1. HP: 18/18 MP: 1/1
   162 | D:1      | Gained mutation: You are partially covered in thin metallic
                  | scales. (AC +2) [demonic ancestry]
   162 | D:1      | Reached XP level 2. HP: 22/24 MP: 2/2
   562 | D:1      | Found a faded altar of an unknown god.
   768 | D:2      | Reached ** piety under Trog
   791 | D:2      | Gained mutation: You are mostly covered in thin metallic
                  | scales. (AC +3) [demonic ancestry]
   791 | D:2      | Reached XP level 3. HP: 29/29 MP: 3/3
   807 | D:2      | Noticed Jessica
   811 | D:2      | Killed Jessica
  1001 | D:2      | Reached XP level 4. HP: 28/37 MP: 4/4
  1105 | D:2      | Found a stormy altar of Qazlal.
  1128 | D:2      | You fall into a shaft and drop 1 floor!
  1130 | D:3      | Found a glowing drain.
  1157 | Sewer    | Entered a sewer
  1236 | Sewer    | Reached skill level 4 in Fighting
  1333 | Sewer    | Reached *** piety under Trog
  1413 | Sewer    | Noticed a bullfrog
  1416 | Sewer    | Noticed a bullfrog
  1420 | Sewer    | Killed a bullfrog
  1421 | Sewer    | Gained mutation: You have sharp fingernails. [demonic
                  | ancestry]
  1421 | Sewer    | Reached XP level 5. HP: 33/42 MP: 5/5
  1421 | Sewer    | Quit the game

Illustrated notes

Levels and vault maps discovered:
D:1:      psy_arrival_fountain, layout_rooms,
          hellmonk_ecumenical_altar_leap_of_faith
D:2:      layout_loops_ring, basic_altar, uniq_jessica
D:3:      layout_loops_cross, portal_sewer_entry_f,
          chequers_serial_rivers_small_b
Sewer:    sewer_frog_island_01

Skill      XL: |  1  2  3  4 |
---------------+-------------+-----
Axes           | 3 |  3.9
Dodging        | 2 |  2.7
Armour         | 2 |  2.5
Fighting       | 4 |  4.3

Action                   |  1- 3 |  4- 6 || total
-------------------------+-------+-------++-------
Melee: Hand axe          |    86 |    80 ||   166
       Punch             |     1 |       ||     1
  Use: Scroll            |     3 |       ||     3
Armor: Animal skin       |     8 |       ||     8
       Leather armour    |     8 |    36 ||    44
Dodge: Dodged            |    57 |    81 ||   138
Block: Buckler           |     5 |    16 ||    21

Table legend: (Time is in decaauts)
 A = Elapsed time spent in this place.
 B = Non-inter-level travel time spent in this place.
 C = Inter-level travel time spent in this place.
 D = Time resting spent in this place.
 E = Time spent auto-exploring this place.
 F = Levels seen in this place.
 G = Mean time per level.
                   A        B        C        D        E       F      G
               +--------+--------+--------+--------+--------+-----+--------+
         Total |   1479 |   1463 |     16 |      0 |    969 |   4 |  369.8 |
       Dungeon |   1177 |   1161 |     16 |      0 |    849 |   3 |  392.3 |
         Sewer |    301 |    301 |      0 |      0 |    120 |   1 |  301.0 |
               +--------+--------+--------+--------+--------+-----+--------+

Top non-repeatable levels by time:
     D:1: 771 daAuts
     D:2: 372 daAuts
   Sewer: 301 daAuts
     D:3: 34 daAuts
